Alex, lawful male human Samurai -------- |......| ----- ------- #-.......######+...| |@.??%| ----------- ############## ###|....{.| # # |...| #-@?%%%| |..........#### #---------------#######...`...-## ##.....######|.[?[!| |.........| # #|.............-# ### -------- ###|...| ------- |..........#######|.............| # # #|...| ---.------- # |........>..|..##### ----- # ##..............|# # |.............| # --------------- # ### # ## -----|--- |.)...<.+ |....{..| --------- Alex the Ronin Experience level: 4 Strength: 18/01 Dexterity: 14 Constitution: 18 Intelligence: 10 Wisdom: 7 Charisma: 8 Health: 0(39) Energy: 15(15) Def: 6 Gold: 441 Moves: 1770 Dungeon seed: JKdRemvbTZTFfbyj Game ID: Alex_1526025391 Your Inventory: Coins $ - 441 gold pieces Weapons b - a +0 wakizashi c - a blessed +0 yumi d - 28 +0 ya (in quiver) i - a corroded +0 orcish dagger y - a +0 battle-axe (weapon in hands) Armor e - an uncursed rustproof +0 splint mail q - an uncursed +0 orcish helm (being worn) r - a cursed -1 dwarvish mithril-coat (being worn) Comestibles l - an uncursed gunyoki Scrolls u - an uncursed scroll of scare monster Spellbooks w - an uncursed spellbook of healing B - an uncursed spellbook of create monster C - an uncursed spellbook of protection Potions o - 2 uncursed potions of object detection x - an uncursed potion of levitation Rings g - an uncursed ring of conflict (on left hand) Wands k - a wand of digging (0:8) Gems n - an uncursed worthless piece of blue glass Spells and supernatural/magical abilities: Name Level Category Fail Memory W - pray for help -- divine ? -- Your skills at the end: Fighting Skills martial arts [Basic] Weapon Skills short sword [Basic] long sword [Basic] bow [Basic] Spellcasting Skills Final Attributes: You were piously aligned. You caused conflict. You were fast. You are dead. Vanquished creatures: a small mimic 3 giant ants an iguana 2 acid blobs 2 red molds a gnome 6 jackals a fox 3 kobolds a goblin a sewer rat 5 grid bugs 3 lichens a kobold zombie 5 newts 36 creatures vanquished. Voluntary challenges: You were an atheist. You used a wielded weapon 25 times, starting on turn 184. You read items or engraved 2 times, starting on turn 27. You never genocided any monsters. You never polymorphed an object. You never changed form. You used no wishes. You never split a pudding. You never wrote Elbereth's name. You never violated your personal moral code. Dungeon overview: The Dungeons of Doom: levels 1 to 5 Level 1 a fountain, a sink a long staircase Level 2 a fountain stairs to The Gnomish Mines Level 3 Level 4 Level 5 <- You were here a general store, some fountains The Gnomish Mines: Level 3 stairs to The Dungeons of Doom History has recorded: On T:1 you entered the Dungeons of Doom to retrieve the Amulet of Yendor! On T:307 you advanced to experience level 2. On T:557 you reached level 2 of The Dungeons of Doom. On T:562 you advanced to experience level 3. On T:955 you reached level 1 of The Gnomish Mines. On T:1009 you reached level 3 of The Dungeons of Doom. On T:1255 you reached level 4 of The Dungeons of Doom. On T:1554 you reached level 5 of The Dungeons of Doom. On T:1628 you advanced to experience level 4. Score breakdown: Gold: 441 ( 8998 points) Experience: 4 levels ( 9649 points) Exploration: 5 levels ( 10.87%) ( 8944 points) Discoveries: 12 items ( 4.88%) ( 6625 points) Valuables value: (no points given unless you survive) Artifact value: 0 ( 0 points) Variety of kills: 15 monsters ( 3.94%) ( 5952 points) Turncount: 1770 turns ( 0 points) Survival: died (score multiplied by 80%) Total score: 32134 Latest messages: "Irasshaimase, Alex! Welcome to Angmagssalik's general store!" Please move the cursor to an unknown object. A small mimic on a scroll on the floor of a room. Done. Angmagssalik zaps a pine wand! The wand hits the small mimic. Angmagssalik zaps a wand of striking! The wand misses the small mimic. You miss the small mimic. You see here a scroll labeled XIXAXA XOXAXA XUXAXA (133 zorkmids). Angmagssalik zaps a wand of striking! The wand hits you! You kill the small mimic! Angmagssalik zaps a wand of striking! The wand hits you! You see here a scroll of light (66 zorkmids). You see here a scroll labeled XIXAXA XOXAXA XUXAXA (133 zorkmids). Angmagssalik hits! (2x) You die... Angmagssalik gratefully inherits all your possessions. Final status: Sayonara Alex the Samurai, killed by a Mr. Angmagssalik, the shopkeeper... You died in The Dungeons of Doom on dungeon level 5 with 32134 points, and 441 pieces of gold, after 1770 moves. You were level 4 with a maximum of 39 hit points when you died.